General information
- name: BNet
- type: Ladder team game (AT/RT)
- host: Battle.net
- saver: THESQUAD
map: Cherryville
- players: 8
- length: 41:02
- speed: Fast
- version: 1.28 W3XP
- replay type: Public
» download(344 KB)
Players
team 1 (loser)
DevouR (
yellow | 89 APM | 1784 actions | 20:05)
4 Tauren Chieftain
2 Endurance Aura
2 Shockwave
3 Shadow Hunter
1 Hex
2 Healing Wave
» actions
| Assign group hotkey | 26 | |
| Build / train | 70 | |
| Enter build submenu | 18 | |
| Enter hero's abilities submenu | 7 | |
| Give item / drop item | 5 | |
| Remove unit from queue | 2 | |
| Right click | 765 | |
| Select / deselect | 260 | |
| Select group hotkey | 560 | |
| Use ability | 71 | |
1784 total
» units
| Peon | 8 | |
| Troll Headhunter/Berserker | 22 | |
| Shaman | 3 | |
| Troll Witch Doctor | 3 | |
36 total
» upgrades
| Ranged Weapons | 3 | |
| Armor | 2 | |
| Troll Regeneration | 1 | |
| Shaman Training | 2 | |
| Berserker Upgrade | 1 | |
| Witch Doctor Training | 2 | |
11 total
» buildings
| Altar of Storms | 1 | |
| Orc Burrow | 8 | |
| Barracks | 1 | |
| War Mill | 1 | |
| Voodoo Lounge | 1 | |
| Watch Tower | 3 | |
| Stronghold | 1 | |
| Spirit Lodge | 2 | |
| Fortress | 1 | |
19 total
» build order
00:21 Altar of Storms
00:37 Orc Burrow
00:51 Barracks
01:04 War Mill
01:48 Orc Burrow
01:51 Orc Burrow
02:23 Voodoo Lounge
03:06 Watch Tower
03:19 Orc Burrow
05:06 Orc Burrow
06:38 Stronghold
07:26 Watch Tower
08:45 Orc Burrow
09:01 Spirit Lodge
09:04 Spirit Lodge
09:18 Watch Tower
10:04 Fortress
17:07 Orc Burrow
17:08 Orc Burrow
» items
| Healing Salve | 4 | |
| Lesser Clarity Potion | 3 | |
| Boots of Speed | 1 | |
| Orb of Lightning | 1 | |
| Scroll of Town Portal | 1 | |
10 total

»
onelifeonedeath (
orange | 24 APM | 442 actions | 18:24)
2 Blademaster
1 Wind Walk
1 Critical Strike
1 Tauren Chieftain
1 Endurance Aura
» actions
| Build / train | 55 | |
| Enter build submenu | 12 | |
| Enter hero's abilities submenu | 3 | |
| Give item / drop item | 2 | |
| Remove unit from queue | 3 | |
| Right click | 162 | |
| Select / deselect | 153 | |
| Use ability | 52 | |
442 total
» units
» upgrades
| Spiked Barricades | 2 | |
| Melee Weapons | 3 | |
| Reinforced Defenses | 1 | |
| Pillage | 1 | |
| Armor | 2 | |
| Ensnare | 1 | |
10 total
» buildings
| Orc Burrow | 5 | |
| Altar of Storms | 1 | |
| Voodoo Lounge | 1 | |
| War Mill | 1 | |
| Watch Tower | 8 | |
| Stronghold | 1 | |
| Fortress | 1 | |
| Beastiary | 3 | |
21 total
» build order
00:32 Orc Burrow
00:42 Altar of Storms
00:55 Orc Burrow
01:27 Voodoo Lounge
01:53 War Mill
02:07 Orc Burrow
02:08 Orc Burrow
02:11 Orc Burrow
03:14 Watch Tower
03:15 Watch Tower
03:16 Watch Tower
03:16 Watch Tower
04:14 Stronghold
06:56 Fortress
07:01 Beastiary
07:02 Beastiary
17:01 Beastiary
17:06 Watch Tower
17:06 Watch Tower
17:07 Watch Tower
17:07 Watch Tower
» items
| Healing Salve | 2 | |
| Lesser Clarity Potion | 4 | |
| Scroll of Speed | 1 | |
| Orb of Lightning | 2 | |
| Scroll of Regeneration | 1 | |
| Scroll of Town Portal | 1 | |
| Boots of Speed | 1 | |
12 total
TRAINING-BAH (
blue | 35 APM | 1424 actions | 41:01)
6 Blademaster
2 Critical Strike
3 Wind Walk
1 Bladestorm
» actions
| Assign group hotkey | 27 | |
| Basic commands | 9 | |
| Build / train | 52 | |
| Enter build submenu | 29 | |
| Enter hero's abilities submenu | 6 | |
| Give item / drop item | 2 | |
| Remove unit from queue | 1 | |
| Right click | 611 | |
| Select / deselect | 212 | |
| Select group hotkey | 400 | |
| Use ability | 75 | |
1424 total
» units
| Peon | 8 | |
| Grunt | 2 | |
| Goblin Shredder | 2 | |
| Goblin Zeppelin | 1 | |
| Wind Rider | 8 | |
| Goblin Sapper | 3 | |
24 total
» upgrades
| Ranged Weapons | 2 | |
| Reinforced Defenses | 1 | |
| Armor | 2 | |
| Envenomed Spears | 1 | |
| Liquid Fire | 1 | |
| Ensnare | 0 | |
7 total
» buildings
| Altar of Storms | 1 | |
| Orc Burrow | 6 | |
| Barracks | 1 | |
| Voodoo Lounge | 1 | |
| Great Hall | 1 | |
| Stronghold | 1 | |
| War Mill | 1 | |
| Fortress | 1 | |
| Watch Tower | 34 | |
| Beastiary | 3 | |
50 total
» build order
00:07 Altar of Storms
00:19 Orc Burrow
00:36 Barracks
01:31 Orc Burrow
02:23 Voodoo Lounge
03:23 Great Hall
03:47 Stronghold
05:12 War Mill
05:49 Orc Burrow
06:12 Fortress
06:25 Watch Tower
06:26 Watch Tower
06:26 Watch Tower
06:27 Watch Tower
06:42 Watch Tower
06:55 Beastiary
07:25 Beastiary
07:45 Watch Tower
08:25 Watch Tower
09:07 Watch Tower
09:14 Watch Tower
09:34 Beastiary
10:35 Watch Tower
10:37 Watch Tower
10:39 Watch Tower
11:28 Orc Burrow
11:43 Orc Burrow
12:32 Orc Burrow
16:45 Watch Tower
16:46 Watch Tower
16:51 Watch Tower
16:52 Watch Tower
18:33 Watch Tower
18:34 Watch Tower
18:36 Watch Tower
18:37 Watch Tower
19:55 Watch Tower
19:57 Watch Tower
23:39 Watch Tower
23:40 Watch Tower
23:40 Watch Tower
23:41 Watch Tower
23:42 Watch Tower
23:42 Watch Tower
23:42 Watch Tower
23:43 Watch Tower
23:44 Watch Tower
23:45 Watch Tower
23:45 Watch Tower
23:45 Watch Tower
» items
| Healing Salve | 4 | |
| Staff of Teleportation | 1 | |
| Scroll of Town Portal | 2 | |
| Potion of Lesser Invulnerability | 1 | |
| Scroll of Healing | 1 | |
9 total
DeadHead69 (
purple | 69 APM | 1401 actions | 20:09)
3 Paladin
1 Holy Light
1 Devotion Aura
1 Divine Shield
» actions
| Assign group hotkey | 39 | |
| Basic commands | 43 | |
| Build / train | 73 | |
| Enter build submenu | 37 | |
| Enter hero's abilities submenu | 3 | |
| Right click | 223 | |
| Select / deselect | 429 | |
| Select group hotkey | 468 | |
| Use ability | 86 | |
1401 total
» units
| Peasant | 18 | |
| Footman | 15 | |
| Knight | 1 | |
34 total
» upgrades
| Defend | 1 | |
| Masonry | 2 | |
| Swords | 1 | |
| Lumber Harvesting | 1 | |
5 total
» buildings
| Altar of Kings | 1 | |
| Barracks | 3 | |
| Farm | 9 | |
| Scout Tower | 13 | |
| Arcane Tower | 2 | |
| Lumber Mill | 1 | |
| Guard Tower | 11 | |
| Blacksmith | 1 | |
| Keep | 2 | |
| Arcane Vault | 1 | |
| Town Hall | 1 | |
| Castle | 2 | |
47 total
» build order
00:19 Altar of Kings
00:24 Barracks
00:28 Farm
01:09 Farm
01:48 Farm
02:09 Farm
02:30 Barracks
03:34 Scout Tower
03:36 Scout Tower
04:10 Arcane Tower
04:10 Arcane Tower
04:17 Lumber Mill
04:36 Guard Tower
04:37 Guard Tower
04:48 Blacksmith
04:55 Farm
04:56 Farm
05:45 Keep
05:45 Keep
06:21 Farm
06:24 Barracks
06:45 Arcane Vault
08:10 Town Hall
09:11 Scout Tower
09:15 Scout Tower
09:39 Guard Tower
09:39 Guard Tower
09:56 Guard Tower
09:56 Guard Tower
09:56 Guard Tower
11:03 Scout Tower
11:06 Scout Tower
11:30 Guard Tower
12:31 Scout Tower
12:38 Castle
12:38 Castle
12:59 Scout Tower
13:00 Scout Tower
13:08 Guard Tower
13:08 Guard Tower
13:38 Scout Tower
13:39 Scout Tower
13:41 Farm
13:42 Farm
14:38 Guard Tower
19:43 Scout Tower
19:44 Scout Tower
» items
| Potion of Healing | 4 | |
| Scroll of Town Portal | 3 | |
7 total
team 2 (winner)

»
shingle (
pink | 78 APM | 2003 actions | 25:50)
6 Tauren Chieftain
3 Endurance Aura
2 Shockwave
1 Reincarnation
» actions
| Assign group hotkey | 120 | |
| Basic commands | 87 | |
| Build / train | 80 | |
| ESC pressed | 3 | |
| Enter build submenu | 17 | |
| Enter hero's abilities submenu | 6 | |
| Give item / drop item | 2 | |
| Right click | 878 | |
| Select / deselect | 272 | |
| Select group hotkey | 438 | |
| Use ability | 100 | |
2003 total
» units
| Peon | 6 | |
| Troll Headhunter/Berserker | 26 | |
| Shaman | 7 | |
| Troll Witch Doctor | 1 | |
40 total
» upgrades
| Armor | 1 | |
| Ranged Weapons | 3 | |
| Troll Regeneration | 1 | |
| Shaman Training | 2 | |
| Berserker Upgrade | 1 | |
| Witch Doctor Training | 2 | |
| Reinforced Defenses | 1 | |
11 total
» buildings
| Altar of Storms | 1 | |
| Orc Burrow | 6 | |
| War Mill | 1 | |
| Barracks | 1 | |
| Voodoo Lounge | 1 | |
| Stronghold | 1 | |
| Spirit Lodge | 2 | |
| Fortress | 1 | |
| Watch Tower | 1 | |
15 total
» build order
00:07 Altar of Storms
00:20 Orc Burrow
01:10 War Mill
01:27 Barracks
01:49 Orc Burrow
02:26 Voodoo Lounge
03:38 Stronghold
04:46 Orc Burrow
06:09 Spirit Lodge
06:27 Fortress
07:20 Spirit Lodge
09:14 Orc Burrow
13:22 Orc Burrow
20:38 Orc Burrow
21:36 Watch Tower
» items
| Healing Salve | 5 | |
| Scroll of Speed | 2 | |
| Scroll of Town Portal | 6 | |
| Lesser Clarity Potion | 2 | |
| Scroll of Protection | 1 | |
| Scroll of Healing | 1 | |
| Potion of Mana | 1 | |
| Orb of Lightning | 1 | |
| Potion of Healing | 1 | |
20 total
BadLuckBird (
teal | 109 APM | 4473 actions | 41:01)
4 Archmage
2 Summon Water Elemental
2 Brilliance Aura
3 Mountain King
2 Storm Bolt
1 Bash
3 Goblin Alchemist
2 Chemical Rage
1 Acid Bomb
» actions
| Assign group hotkey | 246 | |
| Basic commands | 616 | |
| Build / train | 183 | |
| ESC pressed | 5 | |
| Enter build submenu | 40 | |
| Enter hero's abilities submenu | 12 | |
| Give item / drop item | 5 | |
| Remove unit from queue | 3 | |
| Right click | 841 | |
| Select / deselect | 656 | |
| Select group hotkey | 1583 | |
| Use ability | 283 | |
4473 total
» units
| Peasant | 20 | |
| Footman | 5 | |
| Rifleman | 14 | |
| Sorceress | 6 | |
| Goblin Shredder | 2 | |
| Priest | 4 | |
| Spell Breaker | 5 | |
| Goblin Zeppelin | 7 | |
63 total
» upgrades
| Gunpowder | 3 | |
| Masonry | 3 | |
| Magic Sentry | 1 | |
| Long Rifles | 1 | |
| Sorceress Training | 2 | |
| Priest Training | 3 | |
| Armor | 3 | |
| Plating | 3 | |
| Swords | 3 | |
| Animal War Training | 0 | |
| Control Magic | 1 | |
23 total
» buildings
| Altar of Kings | 1 | |
| Barracks | 2 | |
| Farm | 11 | |
| Lumber Mill | 1 | |
| Arcane Vault | 1 | |
| Blacksmith | 1 | |
| Keep | 2 | |
| Town Hall | 1 | |
| Scout Tower | 18 | |
| Arcane Tower | 4 | |
| Guard Tower | 28 | |
| Arcane Sanctum | 2 | |
| Castle | 2 | |
74 total
» build order
00:51 Altar of Kings
00:53 Barracks
00:55 Farm
01:04 Farm
01:07 Farm
01:38 Lumber Mill
01:44 Farm
02:13 Arcane Vault
03:09 Blacksmith
04:17 Keep
04:17 Keep
05:13 Town Hall
05:15 Scout Tower
05:21 Scout Tower
05:26 Scout Tower
05:51 Arcane Tower
05:51 Arcane Tower
05:53 Scout Tower
06:21 Guard Tower
06:21 Guard Tower
06:21 Guard Tower
06:28 Arcane Tower
06:28 Arcane Tower
06:29 Guard Tower
06:29 Guard Tower
07:21 Scout Tower
07:30 Scout Tower
08:10 Arcane Sanctum
08:12 Guard Tower
08:12 Guard Tower
08:39 Castle
08:39 Castle
09:55 Arcane Sanctum
10:57 Farm
12:43 Scout Tower
12:45 Farm
13:26 Guard Tower
13:27 Guard Tower
13:48 Scout Tower
13:49 Farm
13:53 Farm
14:02 Guard Tower
14:02 Guard Tower
14:02 Guard Tower
14:03 Scout Tower
14:05 Scout Tower
14:16 Guard Tower
14:16 Guard Tower
15:06 Guard Tower
15:06 Guard Tower
15:07 Guard Tower
15:35 Farm
15:41 Farm
15:42 Farm
19:58 Barracks
24:15 Scout Tower
24:15 Scout Tower
24:16 Scout Tower
24:17 Scout Tower
24:19 Scout Tower
24:21 Scout Tower
24:42 Guard Tower
24:42 Guard Tower
24:44 Guard Tower
24:44 Guard Tower
24:44 Guard Tower
24:46 Scout Tower
24:47 Scout Tower
24:58 Guard Tower
24:58 Guard Tower
24:59 Guard Tower
24:59 Guard Tower
25:19 Guard Tower
25:19 Guard Tower
» items
| Mechanical Critter | 4 | |
| Healing Salve | 2 | |
| Potion of Lesser Invulnerability | 1 | |
| Scroll of Town Portal | 2 | |
| Scroll of Protection | 1 | |
| Periapt of Vitality | 3 | |
| Boots of Speed | 1 | |
| Circlet of Nobility | 1 | |
| Staff of Teleportation | 3 | |
| Orb of Lightning | 1 | |
| Tiny Great Hall | 1 | |
| Orb of Fire | 1 | |
| Staff of Sanctuary | 1 | |
22 total
THESQUAD (
red | 50 APM | 2039 actions | 41:02)
6 Blademaster
3 Wind Walk
2 Critical Strike
1 Bladestorm
» actions
| Assign group hotkey | 19 | |
| Basic commands | 164 | |
| Build / train | 70 | |
| Enter build submenu | 38 | |
| Enter hero's abilities submenu | 6 | |
| Give item / drop item | 11 | |
| Right click | 810 | |
| Select / deselect | 367 | |
| Select group hotkey | 148 | |
| Use ability | 406 | |
2039 total
» units
| Peon | 8 | |
| Grunt | 6 | |
| Goblin Shredder | 1 | |
| Troll Batrider | 3 | |
| Goblin Sapper | 4 | |
| Goblin Zeppelin | 3 | |
| Wind Rider | 3 | |
28 total
» upgrades
| Reinforced Defenses | 1 | |
| Troll Regeneration | 1 | |
| Ranged Weapons | 3 | |
| Armor | 3 | |
| Liquid Fire | 1 | |
| Ensnare | 1 | |
| Envenomed Spears | 1 | |
| Pillage | 1 | |
12 total
» buildings
| Orc Burrow | 4 | |
| Altar of Storms | 1 | |
| Barracks | 1 | |
| Voodoo Lounge | 2 | |
| Stronghold | 1 | |
| Great Hall | 2 | |
| War Mill | 2 | |
| Fortress | 1 | |
| Watch Tower | 19 | |
| Beastiary | 4 | |
37 total
» build order
00:15 Orc Burrow
01:00 Orc Burrow
01:04 Altar of Storms
01:06 Barracks
02:18 Voodoo Lounge
02:53 Stronghold
03:41 Orc Burrow
04:48 Great Hall
05:28 Orc Burrow
06:01 War Mill
06:41 Fortress
07:38 Watch Tower
07:38 Watch Tower
07:39 Watch Tower
07:39 Watch Tower
09:21 Watch Tower
09:22 Watch Tower
09:23 Watch Tower
09:24 Watch Tower
09:25 Watch Tower
09:28 Watch Tower
10:35 Beastiary
10:36 Beastiary
12:45 Beastiary
12:48 Beastiary
13:46 War Mill
18:09 Great Hall
18:12 Watch Tower
18:12 Watch Tower
18:13 Watch Tower
18:13 Watch Tower
18:14 Watch Tower
18:43 Watch Tower
18:45 Watch Tower
18:46 Watch Tower
18:47 Watch Tower
18:49 Voodoo Lounge
» items
| Healing Salve | 4 | |
| Lesser Clarity Potion | 4 | |
| Potion of Mana | 4 | |
| Scroll of Town Portal | 3 | |
| Orb of Lightning | 1 | |
| Potion of Healing | 3 | |
| Periapt of Vitality | 1 | |
| Staff of Teleportation | 1 | |
21 total

»
faast (
green | 28 APM | 1134 actions | 41:01)
4 Far Seer
2 Feral Spirit
1 Far Sight
1 Chain Lighting
2 Shadow Hunter
1 Healing Wave
1 Hex
» actions
| Basic commands | 38 | |
| Build / train | 49 | |
| Enter build submenu | 25 | |
| Enter hero's abilities submenu | 6 | |
| Right click | 428 | |
| Select / deselect | 497 | |
| Use ability | 91 | |
1134 total
» units
| Peon | 6 | |
| Grunt | 7 | |
| Troll Headhunter/Berserker | 1 | |
| Goblin Shredder | 1 | |
| Demolisher | 2 | |
| Raider | 7 | |
| Wind Rider | 2 | |
26 total
» upgrades
| Melee Weapons | 3 | |
| Armor | 3 | |
| Spiked Barricades | 3 | |
| Ensnare | 1 | |
10 total
» buildings
| Altar of Storms | 1 | |
| Orc Burrow | 8 | |
| Barracks | 1 | |
| War Mill | 1 | |
| Watch Tower | 11 | |
| Voodoo Lounge | 1 | |
| Stronghold | 1 | |
| Fortress | 1 | |
| Great Hall | 1 | |
| Beastiary | 2 | |
28 total
» build order
00:07 Altar of Storms
00:11 Orc Burrow
00:21 Barracks
02:44 Orc Burrow
03:01 War Mill
03:14 Orc Burrow
04:15 Watch Tower
04:43 Watch Tower
05:46 Voodoo Lounge
07:03 Stronghold
07:15 Orc Burrow
08:29 Watch Tower
09:30 Fortress
10:10 Orc Burrow
10:59 Great Hall
11:56 Watch Tower
11:57 Watch Tower
13:10 Watch Tower
13:18 Beastiary
13:29 Orc Burrow
13:31 Orc Burrow
13:38 Beastiary
15:21 Watch Tower
16:34 Orc Burrow
17:47 Watch Tower
17:55 Watch Tower
18:58 Watch Tower
20:15 Watch Tower
» items
| Scroll of Town Portal | 2 | |
| Orb of Lightning | 1 | |
3 total
Chat log
(00:05 / All) DevouR: glhf fellas
(00:14 / All) shingle: die in a tire fire plz
(00:27 / Allies) faast: hmm
(00:28 / All) DevouR: can't really die IN one
(00:33 / All) DevouR: unless im.... ON ... one
(00:39 / All) shingle: u could start it
(00:41 / All) shingle: while inside of it
(00:48 / All) THESQUAD: Such ill-manner, are we on the level of dumb brutes?
(00:48 / All) DevouR: physically imposibble
(01:00 / All) shingle: yes
(01:22 / All) THESQUAD: Well I prefer to consider myself civilized and well cultured
(01:32 / All) DevouR: i can tell pink lives his life with the glass half empty
(01:44 / All) shingle: :(
(02:02 / Allies) THESQUAD: A ruse merely, I am a savage in sheep's clothing, and soon I will pillage their lands and put all their smallfolk to the sword
(02:11 / All) DevouR: pessimistic little hoe
(02:33 / All) shingle: dont make me cry
(02:39 / All) shingle: On my bday
(02:55 / All) DevouR: lol orphans don't have birthdays
(03:06 / All) shingle: :'(
(05:56 / All) DevouR: ooh
(06:01 / All) DevouR: i like the way you think
(06:11 / All) DevouR: Thanks for the ring though
(06:43 / Allies) BadLuckBird: ty
(07:35 / Allies) shingle: lets actually
(07:37 / Allies) shingle: check for expo
(07:52 / Allies) BadLuckBird: lumber me if you got
(08:05 / Allies) BadLuckBird: ty
(09:28 / Allies) BadLuckBird: lumber plz
(09:48 / Allies) BadLuckBird: lumber me
(10:01 / Allies) BadLuckBird: lol
(10:15 / Allies) BadLuckBird: share some lumber
(10:49 / Allies) BadLuckBird: ty
(12:42 / Allies) shingle: need gold
(12:43 / Allies) shingle: for tp
(12:44 / Allies) shingle: plz
(12:45 / Allies) BadLuckBird: ty
(12:50 / Allies) shingle: cough bird
(13:06 / Allies) shingle: thanks
(14:20 / Allies) BadLuckBird: ty
(16:24 / All) BadLuckBird: lol
(18:22 / All) THESQUAD: you don't want gold?
(19:23 / All) DevouR: blue you fucked me so hard
(19:25 / All) shingle: zz
(19:26 / All) BadLuckBird: stop downloading dbz porn
(20:01 / All) DevouR: lol your so garbage
(20:15 / All) THESQUAD: lol who was he talking to
(20:29 / All) BadLuckBird: wow
(20:35 / All) BadLuckBird: thought your team would put up more of a fight
(20:39 / All) BadLuckBird: all ragequit before it was over
(20:46 / All) THESQUAD: MAN
(20:48 / All) THESQUAD: I just got level 6
(20:52 / All) THESQUAD: and was about to molest yellow somemore
(20:58 / All) THESQUAD: afterh e insulted my honor
(21:02 / All) TRAINING-BAH: it was 4v3 i wasnt helping my team at all
(21:14 / All) THESQUAD: I only had BM
(21:21 / All) THESQUAD: just now made 4 bats
(21:57 / All) BadLuckBird: Green tk
(21:59 / All) BadLuckBird: pink too
(23:10 / All) TRAINING-BAH: pink nooobbbb
(24:09 / Allies) shingle: why red
(24:09 / Allies) shingle: why
(24:15 / Allies) faast: both teal and red
(24:17 / Allies) THESQUAD: Nothing personal, just business
(24:18 / All) TRAINING-BAH: ill help u kill the tker guys
(24:33 / All) BadLuckBird: ty blue
(24:39 / All) TRAINING-BAH: ur very welcome, friend
(25:02 / All) THESQUAD: did yellow tell me or you blue that we are trash
(25:14 / All) THESQUAD: he said it right after I killed his sh and then TC
(25:15 / All) TRAINING-BAH: not sure i was lagging at that piont
(25:18 / All) THESQUAD: I got his tca nd then tped out
(25:26 / All) TRAINING-BAH: i almost dropped
(25:29 / All) THESQUAD: then right after he said "lol ur so garbage"
(26:40 / All) TRAINING-BAH: faast definitely hacks
(26:47 / All) BadLuckBird: You lose faast
(26:49 / All) BadLuckBird: out
(27:01 / Allies) faast: eat my asshole
(27:09 / All) TRAINING-BAH: faast what is ur favorite movie that takes place in the arabian desert
(28:34 / All) TRAINING-BAH: i have exactly teh same armount of wood and gold
(29:37 / All) TRAINING-BAH: 5614 wood and 5614 gold
(30:28 / All) THESQUAD: had grunt forgot to kill
(31:45 / All) THESQUAD: whoops
(33:27 / All) THESQUAD: pink is whispering me for some reason
(33:41 / All) THESQUAD: XD and l o l in separate messages
(33:50 / All) THESQUAD: He has gone off the deep end
(34:03 / All) THESQUAD: First whom Kajind would destroy, he drives mad
(37:22 / All) BadLuckBird: that drains gold so fast lol
(37:27 / All) BadLuckBird: out all my 2.5k already
(38:28 / All) THESQUAD: just spend over 11k on it